 Dungeon Sprint DCSS version 0.29.1-2-gbd0b4ee654 (webtiles) character file.

Game seed: 2274863955616652576

159162 Groucho the Impregnable (level 17, -33/181 HPs)
             Began as a Naga Fighter on Nov 16, 2022.
             Was a Priest of Cheibriados.
             Killed from afar by Plog the pandemonium lord (51 damage)
             ... with a crystal spear
             ... in the Dungeon (Sprint VII: "The Pits").
             The game lasted 00:37:20 (12503 turns).

Groucho the Impregnable (Naga Fighter)             Turns: 12503, Time: 00:37:21

Health: -33/181    AC: 48    Str: 30    XL:     17   Next: 43%
Magic:  41/45      EV: 16    Int: 26    God:    Cheibriados [***...]
Gold:   163        SH:  0    Dex: 21    Spells: 46/47 levels left

rFire   + + .      SeeInvis +   G - +5 broad axe (drain)
rCold   + + .      Faith    .   H - +1 tower shield
rNeg    + . .      Spirit   .   q - +7 plate armour of the Bagpipe {rF+}
rPois   +          Reflect  .   y - +2 helmet
rElec   .          Harm     .   r - +2 cloak
rCorr   .          Rampage  .   s - +1 pair of gloves {Str+3}
Will    ++...      NoTele   +   t - +2 barding
Stlth   ..........              K - amulet "Soag" {RegenMP rPois rC+ Int+4}
HPRegen 0.40/turn               z - ring "Nagryute" {rF+ rC+ Stlth+}
MPRegen 0.69/turn               X - ring "Ciefa" {rN+ MP+9 Stlth+}

@: confused, studying Evocations, very slow
A: AC +5, large, see invisible, deformed body, poison resistance, slowness 2,
spit poison 1, naga tail 2
}: 1/3 runes: silver
a: Spit Poison, Renounce Religion, Bend Time, Temporal Distortion


You were in the Dungeon.
You worshipped Cheibriados.
Cheibriados was most pleased with you.
You visited 1 branch You collected 163 gold pieces.

Inventory:

Hand Weapons
 c - the +5 lochaber axe {reach-cleave, poleaxe}
   (You found it in the Dungeon)

   It can be evoked to extend its reach, and strikes at all foes within reach,
   dealing less damage to those not targeted.
   It uses either Axes or Polearms skill, whichever is higher.
 j - the +8 whip "Snakebite" {venom, curare, rPois}
   (You found it in the Dungeon)

   It poisons the flesh of those it strikes.
   It occasionally inflicts asphyxiating poison on those it strikes, dealing
   poison damage and causing slowness.
   rPois:     It protects you from poison.
 k - a +2 mace
 w - a +3 broad axe of flaming
 G - a +5 broad axe of draining (weapon)
Missiles
 m - 49 stones
Armour
 q - the +7 plate armour of the Bagpipe (worn) {rF+}
   (You found it in the Dungeon)

   rF:        It protects you from fire.
 r - a +2 cloak (worn)
 s - a +1 pair of gloves of strength (worn)
 t - a +2 barding (worn)
 y - a +2 helmet (worn)
 H - a +1 tower shield (worn)
 I - +2 gold dragon scales
 J - +3 shadow dragon scales
Jewellery
 f - a ring of wizardry
 x - a +5 ring of slaying
 z - the ring "Nagryute" (left hand) {rF+ rC+ Stlth+}
   (You found it in the Dungeon)

   [ring of protection from fire]

   rF:        It protects you from fire.
   rC:        It protects you from cold.
   Stlth:     It makes you more stealthy.
 B - a ring of protection from cold
 K - the amulet "Soag" (around neck) {RegenMP rPois rC+ Int+4}
   (You found it in the Dungeon)

   [amulet of magic regeneration]

   It increases your rate of magic regeneration.
   Int:       It affects your intelligence (+4).
   rC:        It protects you from cold.
   rPois:     It protects you from poison.
 M - the amulet "Soin" {Faith Regen+ rCorr Str+5 Dex-2}
   (You found it in the Dungeon)

   [amulet of faith]

   It allows you to gain divine favour quickly.
   Str:       It affects your strength (+5).
   Dex:       It affects your dexterity (-2).
   Regen:     It increases your rate of health regeneration.
   rCorr:     It protects you from acid and corrosion.
 O - the amulet "Rotaum" {Spirit rF+ Stlth+}
   (You found it in the Dungeon)

   [amulet of guardian spirit]

   It causes incoming damage to be divided between your reserves of health and
   magic.
   rF:        It protects you from fire.
   Stlth:     It makes you more stealthy.
 P - the ring "Dobuptua" {rC+ rCorr MP+9 Dex-3}
   (You found it in the Dungeon)

   [ring of magical power]

   Dex:       It affects your dexterity (-3).
   rC:        It protects you from cold.
   MP:        It affects your magic capacity (+9).
   rCorr:     It protects you from acid and corrosion.
 R - the amulet of Otorued {RegenMP Dex+3}
   (You found it in the Dungeon)

   [amulet of magic regeneration]

   It increases your rate of magic regeneration.
   Dex:       It affects your dexterity (+3).
 T - the amulet "Lonwetz" {rC++ Regen+ Int+4 Stlth-}
   (You found it in the Dungeon)

   [amulet of regeneration]

   Int:       It affects your intelligence (+4).
   rC:        It greatly protects you from cold.
   Regen:     It increases your rate of health regeneration.
   Stlth:     It makes you less stealthy.
 U - a ring of ice
 V - the ring "Lyilif" {Fly rElec MP+9 EV+6 Str+3}
   (You found it in the Dungeon)

   [ring of evasion]

   EV:        It affects your evasion (+6).
   Str:       It affects your strength (+3).
   rElec:     It insulates you from electricity.
   MP:        It affects your magic capacity (+9).
   Fly:       It grants you flight.
 X - the ring "Ciefa" (right hand) {rN+ MP+9 Stlth+}
   (You found it in the Dungeon)

   [ring of positive energy]

   rN:        It protects you from negative energy.
   MP:        It affects your magic capacity (+9).
   Stlth:     It makes you more stealthy.
 Y - a ring of Beauty {AC+6 Slay+2}
   (You found it in the Dungeon)

   [ring of protection]

   AC:        It affects your AC (+6).
   Slay:      It affects your accuracy & damage with ranged weapons and melee
   (+2).
Scrolls
 a - 11 scrolls of identify
 n - 6 scrolls of amnesia
 o - a scroll of summoning
 p - 4 scrolls of vulnerability
 C - 3 scrolls of fear
 D - 6 scrolls of enchant armour
 E - 6 scrolls of butterflies
 L - 3 scrolls of enchant weapon
 S - a scroll of poison
Potions
 b - 3 potions of degeneration
 d - 3 potions of might
 e - 13 potions of curing
 g - 3 potions of haste
 h - 3 potions of magic
 i - 6 potions of berserk rage
 l - 2 potions of invisibility
 u - 5 potions of mutation
 v - 4 potions of brilliance
 A - 3 potions of cancellation
 F - 2 potions of flight
 Q - 4 potions of resistance


   Skills:
 + Level 18.4 Fighting
 - Level 18.0 Axes
 * Level 21.4 Armour
 * Level 21.3 Dodging
 * Level 21.1 Shields
 + Level 15.6 Spellcasting
 + Level 11.6 Conjurations
 + Level 11.6 Fire Magic
 - Level 14.0 Invocations


You had 46 spell levels left.
You knew the following spells:

 Your Spells              Type           Power      Damage    Failure   Level
a - Foxfire               Conj/Fire      100%       2x1d9     1%          1

Your spell library contained the following spells:

 Spells                   Type           Power      Damage    Failure   Level
 Scorch                   Fire           100%       2d10      1%          2
 Sticky Flame             Conj/Fire      69%        2d8       1%          4
 Static Discharge         Conj/Air       50%        3-10/arc  2%          2
 Iskenderun's Battlesphe  Conj           69%        2d12      3%          5
 Inner Flame              Hex/Fire       50%        N/A       4%          3
 Stone Arrow              Conj/Erth      100%       3d13      4%          3
 Fulminant Prism          Conj/Hex       25%        3d14      14%         4
 Hailstorm                Conj/Ice       50%        3d11      14%         4
 Freeze                   Ice            80%        1d9       16%         1
 Necrotise                Necr           80%        1d8       16%         1
 Slow                     Hex            80%        N/A       16%         1
 Sting                    Tmut/Pois      80%        1d7       16%         1
 Blink                    Tloc           40%        N/A       24%         2
 Ensorcelled Hibernation  Hex/Ice        40%        N/A       24%         2
 Poisonous Vapours        Pois/Air       40%        N/A       24%         2
 Sublimation of Blood     Necr           20%        N/A       24%         2
 Irradiate                Conj/Tmut      25%        3d20      36%         5
 Confusing Touch          Hex            20%        N/A       43%         3
 Frozen Ramparts          Ice            40%        1d7       43%         3
 Lesser Beckoning         Tloc           20%        N/A       43%         3
 Portal Projectile        Hex/Tloc       40%        N/A       43%         3
 Spider Form              Tmut/Pois      20%        N/A       43%         3
 Tukima's Dance           Hex            20%        N/A       43%         3
 Vampiric Draining        Necr           20%        2d7       43%         3
 Anguish                  Hex/Necr       10%        N/A       83%         4
 Animate Dead             Necr           20%        N/A       83%         4
 Cause Fear               Hex            10%        N/A       83%         4
 Olgreb's Toxic Radiance  Pois           20%        N/A       83%         4
 Passage of Golubria      Tloc           20%        N/A       83%         4
 Petrify                  Tmut/Erth      20%        N/A       83%         4
 Agony                    Necr           20%        N/A       99%         5
 Blade Hands              Tmut           10%        N/A       99%         5
 Manifold Assault         Tloc           20%        N/A       99%         5
 Silence                  Hex/Air        10%        N/A       99%         5
 Haunt                    Necr/Summ      10%        N/A       100%        7
 Spellforged Servitor     Conj/Summ      25%        N/A       100%        7
 Storm Form               Tmut/Air       10%        N/A       100%        7
 Borgnjor's Revivificati  Necr           10%        N/A       100%        8
 Discord                  Hex            10%        N/A       100%        8
 Ignition                 Fire           34%        3d11      100%        8
 Infestation              Necr           10%        N/A       100%        8
 Lehudib's Crystal Spear  Conj/Erth      25%        10d7      100%        8
 Necromutation            Tmut/Necr      10%        N/A       100%        8
 Death's Door             Necr           10%        N/A       100%        9
 Fire Storm               Conj/Fire      34%        8d9       100%        9


Dungeon Overview and Level Annotations

Branches:
Dungeon (1/1)

Altars:
Ashenzari
Cheibriados
Dithmenos
Elyvilon
Fedhas
Gozag
Hepliaklqana
Kikubaaqudgha
Makhleb
Nemelex Xobeh
Okawaru
Qazlal
Ru
Sif Muna
Trog
Uskayaw
Vehumet
Wu Jian
Xom
Yredelemnul
Zin
The Shining One
Jiyva
Lugonu


Innate Abilities, Weirdness & Mutations

Your serpentine skin is tough. (AC +5)
You have supernaturally acute eyesight. (SInv)
Armour fits poorly on your strangely shaped body.
Your system is resistant to poisons. (rPois)
You cover ground very slowly.
You can spit poison.
You can use your snake-like lower body to constrict enemies.


Message History

Unknown command.
You slash Plog!
Plog is heavily wounded.
You are standing in a thunderstorm.
You constrict Plog, but do no damage. Plog hits you but does no damage.
Unknown command.
You slice Plog!!
Plog is heavily wounded.
You hit the ancient lich but do no damage.
You are standing in a thunderstorm.
You constrict Plog. The ancient lich barely misses you.
Plog completely misses you.
Unknown command.
Unknown command.
You hit Plog but do no damage.
Plog is heavily wounded.
You hit the ancient lich.
You are standing in a thunderstorm.
You constrict Plog, but do no damage.
Unknown command.
Unknown command.
You hit Plog.
Plog is severely wounded.
You slash the ancient lich! You constrict Plog.
The ancient lich gestures at you while chanting.
You block the crystal spear.
Plog sneers, "Capitulate, thou tasty curdle!"
You block Plog's attack.
You hit the ancient lich.
The ancient lich is lightly damaged.
You hit Plog but do no damage.
You are standing in a thunderstorm.
You are struck by lightning!
You constrict Plog, but do no damage.
Plog gestures.
You are confused.
The ancient lich gestures at you while chanting.
The crystal spear hits you!!!
* * * LOW HITPOINT WARNING * * *
You release your grip on Plog.
You are standing in a thunderstorm.
You are struck by lightning!
Plog gestures at you. The crystal spear hits you!!!
You die...

### #.# ... +.# # ###
### #'#
##.###.###.###.###+#
+...§L@.'..)'...##.##
#+.##&§##'.##[)##.[.#
#.###.###.##''.[.# ##
### ## ####)## #'#
#.# #[# #.# #'#


You could see Plog (clouds) and an ancient lich.

Vanquished Creatures
  2 ancient liches (D)
  Mara (D)
  A royal mummy (D)
  Xtahua (D)
  A curse toe (D)
  Jory (D)
  Nikola (D)
  2 profane servitors (D)
  2 pearl dragons (D)
  A Tzitzimitl (D)
  2 Brimstone Fiends (D)
  Rupert (D)
  A Hell Sentinel (D)
  A tentacled monstrosity (D)
  2 liches (D)
  An Ice Fiend (D)
  A quicksilver dragon (D)
  A deep elf blademaster (D)
  A sphinx (D)
  An Executioner (D)
  2 shadow dragons (D)
  A draconian monk (D)
  3 nagarajas (D)
  2 draconian knights (D)
  A frost giant (D)
  A fire giant (D)
  2 balrugs (D)
  13 orc warlords (D)
  A war gargoyle (D)
  2 deep elf annihilators (D)
  A lorocyproca (D)
  A deep elf demonologist (D)
  A purple draconian (D)
  2 black draconians (D)
  3 red draconians (D)
  2 green draconians (D)
  A yellow draconian (D)
  A minotaur (D)
  2 blizzard demons (D)
  2 green deaths (D)
  2 deep elf death magi (D)
  5 deep elf high priests (D)
  2 fire dragons (D)
  A great orb of eyes (D)
  3 yaktaur captains (D)
  3 ice dragons (D)
  Erolcha (D)
  A catoblepas (D)
  An anaconda (D)
  4 vault guards (D)
  2 death knights (D)
  A merfolk aquamancer (D)
  2 ogre magi (D)
  4 two-headed ogres (D)
  An alligator (D)
  2 centaur warriors (D)
  A naga warrior (D)
  An iron elemental (D)
  2 hell hogs (D)
  7 orc high priests (D)
  2 deep elf knights (D)
  6 hell knights (D)
  A sixfirhy (D)
  A shadow wraith (D)
  2 flayed ghosts (D)
  A lindwurm (D)
  2 wizards (D)
  27 orc knights (D)
  A phantasmal warrior (D)
  2 necromancers (D)
  3 ugly things (D)
  A deep elf zephyrmancer (D)
  A manticore (D)
  6 orc sorcerers (D)
  A large abomination (D)
  5 elephants (D)
  A molten gargoyle (D)
  A rust devil (D)
  A black mamba (D)
  An orange demon (D)
  A naga mage (D)
  A hellion (D)
  2 rime drakes (D)
  A komodo dragon (D)
  7 yaktaurs (D)
  2 guardian mummies (D)
  3 red devils (D)
  A wandering mushroom (D)
  A polar bear (D)
  2 trolls (D)
  2 merfolk (D)
  A tyrant leech (D)
  5 blink frogs (D)
  7 dream sheep (D)
  A flying skull (D)
  A shadow (D)
  A spriggan (D)
  An air elemental (D)
  Sigmund (D)
  A vampire (D)
  A wraith (D)
  A water elemental (D)
  8 yaks (D)
  A neqoxec (D)
  A chaos spawn (D)
  A steam dragon (D)
  A warg (D)
  An acid dragon (D)
  A floating eye (D)
  3 hell hounds (D)
  A sky beast (D)
  24 orc warriors (D)
  2 black bears (D)
  5 wolves (D)
  3 ogres (D)
  2 centaurs (D)
  A necrophage (D)
  An earth elemental (D)
  A scorpion (D)
  2 hounds (D)
  A gnoll bouda (D)
  4 orc priests (D)
  Crazy Yiuf (D)
  An iron imp (D)
  An orc wizard (D)
  2 iguanas (D)
  A hell rat (D)
  A small abomination (D)
  A mummy (D)
  4 gnolls (D)
  2 river rats (D)
  2 adder zombies (D)
  An adder skeleton (D)
  An adder simulacrum (D)
  13 orcs (D)
  A ball python (D)
  2 bat skeletons (D)
  A giant cockroach (D)
  A hobgoblin (D)
  A quokka (D)
  3 ball python zombies (D)
  A bat simulacrum (D)
  A frilled lizard (D)
  A giant cockroach simulacrum (D)
  A giant cockroach zombie (D)
  A jackal zombie (D)
  4 kobolds (D)
  A rat (D)
339 creatures vanquished.

Vanquished Creatures (others)
  A wizard (D)
  4 foxfires (D)
5 creatures vanquished.

Grand Total: 344 creatures vanquished

Notes
Turn   | Place    | Note
-------+----------+-------------------------------------------
     0 | D        | Groucho the Naga Fighter began the quest for the Orb.
     0 | D        | Reached XP level 1. HP: 21/21 MP: 1/1
     8 | D        | Noticed a scorpion
    11 | D        | Killed a scorpion
    12 | D        | Reached XP level 2. HP: 11/30 MP: 1/4
    12 | D        | Reached XP level 3. HP: 13/36 MP: 1/5
   328 | D        | Found a bloodstained altar of Trog.
   328 | D        | Found a shimmering blue altar of Sif Muna.
   328 | D        | Found a viscous altar of Jiyva.
   328 | D        | Found a hazy altar of Hepliaklqana.
   328 | D        | Found an opulent altar of Gozag.
   329 | D        | Found a glowing golden altar of the Shining One.
   329 | D        | Found a glowing silver altar of Zin.
   329 | D        | Found a basalt altar of Yredelemnul.
   329 | D        | Found a shimmering altar of Xom.
   329 | D        | Found an ornate altar of the Wu Jian Council.
   329 | D        | Found a sacrificial altar of Ru.
   329 | D        | Found a stormy altar of Qazlal.
   329 | D        | Found an iron altar of Okawaru.
   329 | D        | Found a sparkling altar of Nemelex Xobeh.
   329 | D        | Found a burning altar of Makhleb.
   329 | D        | Found a blossoming altar of Fedhas.
   329 | D        | Found a white marble altar of Elyvilon.
   329 | D        | Found a shadowy altar of Dithmenos.
   329 | D        | Found a snail-covered altar of Cheibriados.
   331 | D        | Found a radiant altar of Vehumet.
   331 | D        | Found a corrupted altar of Lugonu.
   332 | D        | Found a hide-covered altar of Uskayaw.
   332 | D        | Found an ancient bone altar of Kikubaaqudgha.
   332 | D        | Found a broken altar of Ashenzari.
   338 | D        | Became a worshipper of Cheibriados the Contemplative
   361 | D        | Reached XP level 4. HP: 31/44 MP: 6/6
   453 | D        | Noticed a floating eye
   459 | D        | Reached * piety under Cheibriados
   460 | D        | Paralysed by a floating eye for 3 turns
   465 | D        | Paralysed by a floating eye for 4 turns
   470 | D        | Killed a floating eye
   471 | D        | Reached skill level 5 in Axes
   471 | D        | Reached skill level 5 in Invocations
   471 | D        | Reached XP level 5. HP: 39/51 MP: 6/8
   643 | D        | Reached ** piety under Cheibriados
   845 | D        | Reached *** piety under Cheibriados
   850 | D        | Reached **** piety under Cheibriados
   912 | D        | Noticed a warg
   912 | D        | Noticed a centaur
   913 | D        | Reached ***** piety under Cheibriados
   913 | D        | Killed a centaur
   914 | D        | Reached skill level 5 in Fighting
   914 | D        | Reached skill level 5 in Armour
   914 | D        | Reached skill level 5 in Dodging
   914 | D        | Reached XP level 6. HP: 61/61 MP: 4/10
   919 | D        | Killed a warg
   919 | D        | Noticed Crazy Yiuf
   920 | D        | Reached skill level 5 in Shields
   920 | D        | Reached XP level 7. HP: 59/67 MP: 0/12
   924 | D        | Killed Crazy Yiuf
  1030 | D        | Noticed a manticore
  1036 | D        | Killed a manticore
  1036 | D        | Reached ****** piety under Cheibriados
  1037 | D        | Reached XP level 8. HP: 71/76 MP: 12/14
  1039 | D        | Noticed a flying skull
  1040 | D        | Killed a flying skull
  1070 | D        | Noticed a troll
  1074 | D        | Killed a troll
  1187 | D        | Noticed a spriggan
  1187 | D        | Noticed an elephant
  1189 | D        | Killed a spriggan
  1192 | D        | Killed an elephant
  1193 | D        | Reached XP level 9. HP: 86/86 MP: 9/16
  1431 | D        | Noticed a guardian mummy
  1431 | D        | Noticed a komodo dragon
  1431 | D        | Noticed an orc knight
  1431 | D        | Noticed a troll
  1431 | D        | Noticed an orc knight
  1433 | D        | Reached skill level 10 in Invocations
  1433 | D        | Killed a troll
  1433 | D        | Killed a komodo dragon
  1434 | D        | Reached skill level 10 in Axes
  1434 | D        | Killed an orc knight
  1434 | D        | Killed a guardian mummy
  1434 | D        | Killed an orc knight
  1435 | D        | Reached XP level 10. HP: 50/96 MP: 1/18
  1926 | D        | Noticed Sigmund
  1928 | D        | Killed Sigmund
  1941 | D        | Reached skill level 10 in Armour
  2287 | D        | Noticed a necromancer
  2289 | D        | Killed a necromancer
  2313 | D        | Reached XP level 11. HP: 101/106 MP: 19/19
  2315 | D        | Reached skill level 10 in Dodging
  2316 | D        | Noticed a centaur warrior
  2327 | D        | Killed a centaur warrior
  2488 | D        | Noticed a lindwurm
  2497 | D        | Killed a lindwurm
  2785 | D        | Noticed a shadow wraith
  2787 | D        | Killed a shadow wraith
  2819 | D        | Reached skill level 5 in Spellcasting
  3981 | D        | Noticed Rupert
  3992 | D        | Killed Rupert
  3993 | D        | Reached skill level 10 in Fighting
  4406 | D        | Noticed a green death
  4409 | D        | Reached XP level 12. HP: 111/116 MP: 15/21
  4410 | D        | Killed a green death
  4820 | D        | Noticed an orc warlord
  4821 | D        | Noticed an orc warlord
  4821 | D        | Noticed a yaktaur captain
  4821 | D        | Noticed a deep elf death mage
  4822 | D        | Noticed a naga warrior
  4824 | D        | Killed a yaktaur captain
  4824 | D        | Killed a deep elf death mage
  4825 | D        | Reached skill level 10 in Shields
  4826 | D        | Killed an orc warlord
  4827 | D        | Reached skill level 15 in Axes
  4828 | D        | Killed an orc warlord
  4829 | D        | Noticed a deep elf knight
  4830 | D        | Killed a naga warrior
  4830 | D        | Noticed a deep elf high priest
  4833 | D        | Killed a deep elf knight
  4833 | D        | Killed a deep elf high priest
  4833 | D        | Noticed a deep elf knight
  4833 | D        | Noticed a vault guard
  4834 | D        | Gained mutation: You can use your snake-like lower body to
                  | constrict enemies. [Naga growth]
  4834 | D        | Reached XP level 13. HP: 108/127 MP: 9/24
  4835 | D        | Noticed a vault guard
  4836 | D        | Killed a vault guard
  4839 | D        | Noticed a yaktaur captain
  4844 | D        | Killed a vault guard
  4849 | D        | Killed a yaktaur captain
  4861 | D        | Noticed a shadow dragon
  4900 | D        | Killed a shadow dragon
  5182 | D        | Noticed a vault guard
  5192 | D        | Killed a vault guard
  5436 | D        | Found the +5 lochaber axe {reach-cleave, poleaxe}
  5481 | D        | Noticed a balrug
  5481 | D        | Noticed a balrug
  5481 | D        | Noticed a red draconian
  5481 | D        | Noticed a profane servitor
  5484 | D        | Killed a balrug
  5484 | D        | Killed a balrug
  5485 | D        | Killed a profane servitor
  5485 | D        | Killed a red draconian
  5556 | D        | Noticed Erolcha
  5556 | D        | Noticed a tentacled monstrosity
  5557 | D        | Noticed a nagaraja
  5558 | D        | Killed Erolcha
  5558 | D        | Noticed a green draconian
  5559 | D        | Noticed a blizzard demon
  5563 | D        | Killed a tentacled monstrosity
  5564 | D        | Reached XP level 14. HP: 87/139 MP: 12/27
  5572 | D        | Killed a green draconian
  5584 | D        | Reached skill level 15 in Armour
  5593 | D        | Killed a nagaraja
  5594 | D        | Reached skill level 15 in Dodging
  5604 | D        | Reached skill level 10 in Spellcasting
  5622 | D        | Got the +7 plate armour of the Bagpipe {rF+}
  5737 | D        | Noticed a profane servitor
  5737 | D        | Noticed a deep elf annihilator
  5739 | D        | Noticed a black draconian
  5739 | D        | Noticed a lich
  5741 | D        | Noticed a lich
  5741 | D        | Noticed an ancient lich
  5741 | D        | Noticed a black draconian knight
  5742 | D        | Killed a profane servitor
  5746 | D        | Noticed a nagaraja
  5747 | D        | Killed a lich
  5748 | D        | Killed a deep elf annihilator
  5748 | D        | Killed a lich
  5749 | D        | Killed an ancient lich
  5749 | D        | Killed a black draconian
  5756 | D        | Killed a black draconian knight
  5761 | D        | Killed a nagaraja
  6365 | D        | Noticed a purple draconian
  6366 | D        | Noticed a deep elf demonologist
  6366 | D        | Noticed a sphinx
  6366 | D        | Noticed a red draconian
  6368 | D        | Killed a deep elf demonologist
  6369 | D        | Reached skill level 15 in Shields
  6370 | D        | Reached XP level 15. HP: 134/152 MP: 14/30
  6370 | D        | Killed a sphinx
  6528 | D        | Got the Exposition on Combat Magic
  6535 | D        | Got the Anthology of Conflict and Ignition
  6570 | D        | Got the amulet of Ynwiapp {Spirit *Slow rElec Will++ SInv}
  6572 | D        | Got the amulet "Soag" {RegenMP rPois rC+ Int+4}
  6574 | D        | Got the amulet "Ofurghomm" {Regen+ Str+4}
  6580 | D        | Got the amulet "Soin" {Faith Regen+ rCorr Str+5 Dex-2}
  6582 | D        | Got the amulet "Qises" {*Slow rPois rF+ Regen+ Str+4}
  6584 | D        | Got the amulet "Rotaum" {Spirit rF+ Stlth+}
  6586 | D        | Got the ring "Dobuptua" {rC+ rCorr MP+9 Dex-3}
  6588 | D        | Got the amulet of Axzolion {rElec Regen+}
  6590 | D        | Got the amulet of Otorued {RegenMP Dex+3}
  6592 | D        | Got the amulet "Jahiuc" {Spirit Will+ rCorr}
  6594 | D        | Got the amulet "Lonwetz" {rC++ Regen+ Int+4 Stlth-}
  6598 | D        | Got the amulet of the Twelve Dances {Acrobat rC- Int+4
                  | Dex+8}
  6600 | D        | Got the ring "Lyilif" {Fly rElec MP+9 EV+6 Str+3}
  6602 | D        | Got a ring of Oseplaje {Drain rF+ AC+6 Str+3 Slay+3}
  6604 | D        | Got the ring "Ciefa" {rN+ MP+9 Stlth+}
  6606 | D        | Got a ring of Beauty {AC+6 Slay+2}
  6608 | D        | Got the ring of the Blind Eye {rC+ Str+4 Int-2 SInv Stlth+}
  6633 | D        | Got the ring "Cowiof" {Ice Fly Will- Int+3 Dex+2}
  6638 | D        | Got the ring "Vipsiung" {Fire Str+4}
  6641 | D        | Got a ring of Ruugg {rPois Will+++ AC+6 Str-3 Dex-5}
  6644 | D        | Got the ring "Nuyxaok" {rC+ Will+}
  6647 | D        | Got the ring of Conformity {rPois Str+6 Dex+8 Slay-3}
  6650 | D        | Got the ring "Nagryute" {rF+ rC+ Stlth+}
  6666 | D        | Learned a level 1 spell: Foxfire
  6769 | D        | Noticed a frost giant
  6770 | D        | Noticed a deep elf blademaster
  6776 | D        | Killed a deep elf blademaster
  6777 | D        | Reached skill level 1 in Conjurations
  6777 | D        | Reached skill level 1 in Fire Magic
  6783 | D        | Killed a frost giant
  6784 | D        | Reached skill level 15 in Fighting
  7279 | D        | Noticed a fire giant
  7280 | D        | Noticed a curse toe
  7288 | D        | Killed a fire giant
  7290 | D        | Killed a curse toe
  7429 | D        | Noticed a black draconian knight
  7431 | D        | Noticed a quicksilver dragon
  7431 | D        | Noticed Nikola
  7434 | D        | Killed a black draconian knight
  7434 | D        | Killed a quicksilver dragon
  7440 | D        | Reached skill level 5 in Conjurations
  7444 | D        | Killed Nikola
  7445 | D        | Reached skill level 5 in Fire Magic
  7454 | D        | Noticed an Executioner
  7462 | D        | Killed an Executioner
  7468 | D        | Noticed a nagaraja
  7478 | D        | Killed a nagaraja
  7498 | D        | Found the +8 whip "Snakebite" {venom, curare, rPois}
  7509 | D        | Reached XP level 16. HP: 34/165 MP: 28/33
  7772 | D        | Identified the +3 rapier of Dodghaex {flame, Str+2 Int+5}
  7786 | D        | Noticed Xtahua
  7797 | D        | Killed Xtahua
  7802 | D        | Noticed a shadow dragon
  7816 | D        | Killed a shadow dragon
  8030 | D        | Got the Teachings on Grit and Combustion
  8061 | D        | Got the ring "Yfauze" {rElec rPois}
  8081 | D        | Found the +2 Maxwell's thermic engine {flame, freeze}
  8261 | D        | Got a silver rune of Zot
  8402 | D        | Noticed a Brimstone Fiend
  8406 | D        | Killed a Brimstone Fiend
  8875 | D        | Reached skill level 10 in Conjurations
  9020 | D        | Noticed a royal mummy
  9034 | D        | Killed a royal mummy
  9035 | D        | Reached skill level 10 in Fire Magic
  9570 | D        | Noticed an Ice Fiend
  9576 | D        | Killed an Ice Fiend
  9577 | D        | Reached XP level 17. HP: 161/178 MP: 35/35
  9579 | D        | Noticed a Hell Sentinel
  9593 | D        | Killed a Hell Sentinel
 10147 | D        | Noticed a pearl dragon
 10157 | D        | Killed a pearl dragon
 10158 | D        | Reached skill level 15 in Spellcasting
 10601 | D        | Noticed a Tzitzimitl
 10601 | D        | Noticed a pearl dragon
 10601 | D        | Noticed Mara
 10604 | D        | Noticed Groucho's illusion
 10604 | D        | Killed a pearl dragon
 10606 | D        | Killed a Tzitzimitl
 10637 | D        | Noticed Groucho's illusion
 10644 | D        | Noticed Groucho's illusion
 10656 | D        | Killed Mara
 11363 | D        | Noticed Jory
 11382 | D        | Killed Jory
 11959 | D        | Noticed an ancient lich
 11965 | D        | Killed an ancient lich
 11969 | D        | Noticed a Brimstone Fiend
 11976 | D        | Killed a Brimstone Fiend
 12494 | D        | Noticed Plog the pandemonium lord
 12497 | D        | Noticed an ancient lich
 12503 | D        | Killed from afar by Plog the pandemonium lord

Illustrated notes

Levels and vault maps discovered:
D:        pitsprint [storerooms_1, entrance_room_1, metal_vault_3, armoury_1,
          mini_pit_1, grid_room_1, main_hall_1, silver_pit, the_coven_2,
          the_vestibule_1, steel_vault_4, golden_pit, hallway_of_sentries,
          crystal_vault_1, iron_vault_1, final_vault]

Skill      XL: |  1  2  3  4  5  6  7  8  9 10 11 12 13 14 15 16 17 |
---------------+----------------------------------------------------+-----
Axes           | 3 5 6 8 9 11 12 13 15 17 18 | 18.0
Armour         | 3 4 5 6 8 9 10 11 13 14 16 18 20 21 | 21.4
Dodging        | 2 3 5 6 7 9 11 13 14 16 18 20 21 | 21.3
Shields        | 3 4 5 6 7 8 9 10 12 15 17 20 21 | 21.1
Invocations    | 3 5 6 7 8 9 11 13 14 | 14.0
Fighting       | 4 5 6 7 8 9 10 11 12 14 16 17 18 | 18.4
Spellcasting   | 2 3 5 7 9 11 13 14 15 | 15.6
Conjurations   | 6 10 11 | 11.6
Fire Magic     | 6 10 11 | 11.6

Action                   |  1- 3 |  4- 6 |  7- 9 | 10-12 | 13-15 | 16-18 || total
-------------------------+-------+-------+-------+-------+-------+-------++-------
Melee: War axe           |     2 |       |     3 |   124 |    54 |       ||   183
       Hand axe          |     8 |    28 |    16 |       |       |       ||    52
       Constrict         |       |       |       |       |    33 |    13 ||    46
       Broad axe         |       |       |       |       |   117 |   151 ||   268
 Cast: Foxfire           |       |       |       |       |     2 |       ||     2
Invok: Slouch            |       |     2 |     6 |    23 |    57 |    33 ||   121
 Abil: Spit Poison       |       |       |       |       |     1 |       ||     1
  Use: Potion            |       |       |       |     1 |    13 |     6 ||    20
       Scroll            |       |       |       |       |     2 |       ||     2
 Stab: Petrified         |       |       |       |       |     3 |       ||     3
Armor: Scale mail        |       |     4 |       |       |       |       ||     4
       Plate armour      |       |       |     4 |       |    40 |    71 ||   115
       Chain mail        |       |       |     3 |    56 |    27 |       ||    86
Dodge: Dodged            |     1 |    10 |     7 |    90 |   111 |    55 ||   274
Block: Buckler           |     2 |     7 |     9 |    48 |    30 |       ||    96
       Tower shield      |       |       |       |       |   133 |   157 ||   290
